AoeStats
← MrBunnyKebab

African Clearing

503801426Analyzed
2v2 RM · 1mo ago on Sep 2, 2026· 54m 18s· 4 players
Game mode
Random Map
Map size
Medium (4 player)
Population
200
Speed
Normal
Resources
Standard
Victory
Conquest
Starting age
Dark Age
Ending age
Imperial Age
RankedLock teamsTeams togetherTeam positionsShared explorationLock speedFull tech treeHidden civsTurbo modeCheats
Victory
Defeat
🇷🇺 Mapuche · Russia
1548
+15
🇦🇺 Tupi · Australia
1272
+26
🇨🇳 Wu · China
1646
-25
🇨🇳 Mapuche · China
1407
-16
MrBunnyKebab
10:57 Loom
12:58 Feudal Age
16:45 Castle Age
15:14 Double-Bit Axe
15:51 Fletching
21:45 Bodkin Arrow
33:28 Padded Archer Armor
34:07 Ballistics
34:23 Leather Archer Armor
35:34 Horse Collar
40:08 Wheelbarrow
39:56 Town Watch
48:14 Imperial Age
47:12 Malon
47:34 Bow Saw
48:39 Elite Bolas Rider
50:47 Ring Archer Armor
51:24 Chemistry
52:15 Ring Archer Armor
52:20 Conscription
Blinky Bill
12:35 Feudal Age
11:06 Loom
16:39 Castle Age
14:43 Double-Bit Axe
15:19 Fletching
21:54 Horse Collar
28:54 Bodkin Arrow
30:52 Ballistics
34:29 Imperial Age
33:24 Padded Archer Armor
35:03 Leather Archer Armor
35:22 Bracer
42:00 Bow Saw
41:50 Heavy Plow
43:14 Ring Archer Armor
42:47 Elite Blackwood Archer
44:01 Capped Ram
46:15 Two-Man Saw
45:51 Wheelbarrow
45:42 Curare
46:23 Siege Ram
47:24 Caciques
49:24 Chemistry
52:24 Hand Cart
52:38 Gold Mining
52:39 Stone Mining
53:17 Champi Runner
53:58 Squires
53:43 Arson
买彩票刮出欠条
8:20 Loom
12:05 Feudal Age
12:47 Double-Bit Axe
18:51 Castle Age
17:02 Horse Collar
18:17 Fletching
19:29 Bodkin Arrow
19:50 Bow Saw
20:22 Bodkin Arrow
21:34 Padded Archer Armor
29:23 Masonry
29:42 Heavy Plow
32:11 Leather Archer Armor
32:22 Ballistics
32:22 Gold Mining
37:33 Masonry
40:03 Wheelbarrow
43:02 Imperial Age
41:22 Gold Shaft Mining
40:38 Stone Mining
43:55 Hand Cart
43:42 Malon
44:03 Conscription
43:06 Elite Bolas Rider
46:12 Chemistry
46:33 Siege Engineers
50:58 Coinage
52:39 Crop Rotation
52:44 Stone Shaft Mining
51:33 Elite Skirmisher
52:10 Elite Kona
54:32 Forging
不吃压力
9:12 Loom
12:21 Feudal Age
13:13 Double-Bit Axe
13:29 Horse Collar
20:29 Castle Age
19:42 Scale Barding Armor
21:55 Chain Barding Armor
24:46 Bloodlines
24:36 Husbandry
34:23 Fletching
34:48 Padded Archer Armor
39:00 Gold Mining
39:00 Stone Mining
42:16 Imperial Age
40:05 Bodkin Arrow
43:06 Bow Saw
42:58 Heavy Plow
43:36 Wheelbarrow
42:48 Town Watch
47:12 Bracer
47:42 Hand Cart
49:44 Conscription
50:57 Leather Archer Armor
52:01 Scale Mail Armor
52:46 Plate Barding Armor
52:51 Conscription
53:56 Husbandry
Connection lost

Rejoining the realm…

Still unreachable

The connection could not be restored.

Session expired

The server has moved on; the page needs a fresh start.